 Seeded DCSS version 0.28-a0-535-g6f645e4c1d (webtiles) character file.

Game seed: 6919691055512990457 (custom seed)

59229 donath the Fighter (level 14, -1/95 (108) HPs)
             Began as an Octopode Abyssal Knight on May 16, 2021.
             Was a High Priest of Lugonu.
             Slain by a ghost moth (6 damage)
             ... on level 2 of the Lair of Beasts on Sept 26, 2021.
             The game lasted 06:40:04 (28416 turns).

donath the Fighter (Octopode Abyssal Knight)       Turns: 28416, Time: 06:40:04

HP:   -1/95 (108)   AC:  6    Str: 15 (18) XL:     14   Next: 94%
MP:   4/32          EV: 15    Int: 16 (21) God:    Lugonu [*****.]
Gold: 1638          SH: 20    Dex: 19      Spells: 3/25 levels left

rFire   . . .      SeeInvis .   a - +3 spear (venom)
rCold   . . .      Faith    .   I - +3 kite shield {AC+3}
rNeg    + . .      Spirit   .   W - +2 hat
rPois   +          Reflect  +   Y - amulet of Wevox {Reflect +Blink rN+ Dex+2 Slay-3 SH+5}
rElec   +          Harm     .   g - +6 ring of dexterity
rCorr   .          Rampage  .   L - ring of magical power
Will    ++...                   K - ring of the Bouncing Allies {rElec rPois rF- rC+}
Stlth   ++++++++..              Q - ring of wizardry
HPRegen 0.25/turn               n - +6 ring of strength
MPRegen 0.23/turn               f - ring of fire
                                N - ring "Nohamu" {+Blink Will+ Int+2}
                                j - ring of Shadows {Umbra +Inv Stlth+}

@: very slightly contaminated, hasted, wreathed by umbra, studying 2 skills,
heavily drained, invisible, very quick
A: almost no armour, amphibious, 8 rings, camouflage 1, gelatinous body 1,
(nimble swimmer 1), tentacles
a: Renounce Religion, Evoke Blink, Evoke Invisibility, Depart the Abyss, Bend
Space, Banish, Corrupt, Enter the Abyss


You were on level 2 of the Lair of Beasts.
You worshipped Lugonu.
Lugonu was extremely pleased with you.
You visited 5 branches of the dungeon, and saw 19 of its levels.
You visited the Abyss 1 time.
You also visited: Bailey, Gauntlet and Volcano.

You collected 2030 gold pieces.
You spent 392 gold pieces at shops.

Inventory:

Hand Weapons
 a - a +3 spear of venom (weapon)
 T - a +1 trident of freezing
 Z - a +0 quick blade of flaming
Missiles
 i - 10 boomerangs
 m - 57 poisoned darts (quivered)
 r - 4 boomerangs of dispersal
 v - 3 throwing nets
 y - 4 javelins
 A - 50 stones
 X - 4 curare-tipped darts
Armour
 I - a +3 kite shield of protection (worn)
 W - a +2 hat (worn)
Magical Staves
 b - a staff of earth
Jewellery
 f - a ring of fire (on tentacle)
 g - a +6 ring of dexterity (left tentacle)
 j - the ring of Shadows (on tentacle) {Umbra +Inv Stlth+}
   (You found it in a Gauntlet)

   [ring of stealth]

   It surrounds you with an aura of shadow, increasing your stealth and reducing
   the accuracy of all within it (including the wearer).
   +Inv:      It lets you turn invisible.
   Stlth:     It makes you more stealthy.
 n - a +6 ring of strength (on tentacle)
 D - a ring of flight
 K - the ring of the Bouncing Allies (on tentacle) {rElec rPois rF- rC+}
   (You acquired it on level 8 of the Dungeon)

   [ring of protection from cold]

   rF:        It makes you vulnerable to fire.
   rC:        It protects you from cold.
   rElec:     It insulates you from electricity.
   rPois:     It protects you from poison.
 L - a ring of magical power (right tentacle)
 N - the ring "Nohamu" (on tentacle) {+Blink Will+ Int+2}
   (You found it in a Gauntlet)

   [ring of willpower]

   Int:       It affects your intelligence (+2).
   +Blink:    It lets you blink.
   Will:      It increases your willpower.
 Q - a ring of wizardry (on tentacle)
 Y - the amulet of Wevox (around mantle) {Reflect +Blink rN+ Dex+2 Slay-3 SH+5}
   (You found it on level 10 of the Dungeon)

   [amulet of reflection]

   It reflects blocked missile attacks.
   Dex:       It affects your dexterity (+2).
   Slay:      It affects your accuracy & damage with ranged weapons and melee
   (-3).
   rN:        It protects you from negative energy.
   +Blink:    It lets you blink.
   SH:        It affects your SH (+5).
Wands
 B - a wand of charming (4)
 C - a wand of flame (37)
 M - a wand of iceblast (11)
 O - a wand of paralysis (18)
 S - a wand of polymorph (12)
Scrolls
 c - 2 scrolls of fear
 d - 2 scrolls of enchant weapon
 e - a scroll of identify
 k - a scroll of fog
 l - 5 scrolls of teleportation
Potions
 o - 7 potions of might
 p - 2 potions of heal wounds
 q - a potion of lignification
 t - 2 potions of mutation
 w - 4 potions of curing
 E - 3 potions of haste
 G - a potion of magic
 P - a potion of resistance
Miscellaneous
 x - a piece from Xom's chessboard (15/15)
 z - a condenser vane
 R - a phial of floods


   Skills:
 - Level 14.2 Fighting
 - Level 1.3(5.3) Axes
 - Level 8.2(8.3) Polearms
 - Level 5.3 Throwing
 - Level 6.2 Dodging
 - Level 7.0 Stealth
 * Level 8.9 Shields
 - Level 7.0 Unarmed Combat
 - Level 6.2 Spellcasting
 - Level 4.0 Conjurations
 - Level 2.0 Hexes
 - Level 2.0 Translocations
 + Level 6.1 Transmutations
 - Level 3.0 Earth Magic
 - Level 2.0 Poison Magic
 - Level 12.0 Invocations
 + Level 8.1 Evocations


You had 3 spell levels left.
You knew the following spells:

 Your Spells              Type           Power      Damage    Failure   Level
a - Beastly Appendage     Tmut           48%        N/A       1%          1
b - Wereblood             Tmut           24%        N/A       1%          2
c - Searing Ray           Conj           34%        2d5       3%          2
d - Corona                Hex            11%        N/A       5%          1
e - Passwall              Tmut/Erth      15%        N/A       2%          2
f - Apportation           Tloc           22%        N/A       5%          1
g - Summon Small Mammal   Summ           20%        N/A       12%         1
h - Sandblast             Erth           28%        2d8       3%          1
i - Slow                  Hex            11%        N/A       9%          2
j - Dazzling Flash        Conj/Hex       28%        N/A       11%         3
k - Stone Arrow           Conj/Erth      32%        3d9       9%          3
l - Spider Form           Tmut/Pois      9%         N/A       7%          3

Your spell library contained the following spells:

 Spells                   Type           Power      Damage    Failure   Level
 Magic Dart               Conj           68%        1d6       2%          1
 Animate Skeleton         Necr           10%        N/A       12%         1
 Pain                     Necr           20%        1d5       12%         1
 Confusing Touch          Hex            11%        N/A       16%         3
 Vampiric Draining        Necr           2%         2d6       32%         3
 Petrify                  Tmut/Erth      19%        N/A       17%         4
 Fulminant Prism          Conj/Hex       7%         3d7       32%         4
 Ice Form                 Ice/Tmut       14%        N/A       32%         4
 Iskenderun's Mystic Bla  Conj/Tloc      14%        2d5       32%         4
 Passage of Golubria      Tloc           N/A        N/A       45%         4
 Yara's Violent Unravell  Hex/Tmut       9%         3d6       50%         5
 Lee's Rapid Deconstruct  Erth           7%         3d7*      65%         5
 Silence                  Hex/Air        4%         N/A       89%         5
 Excruciating Wounds      Necr           2%         N/A       96%         5
 Simulacrum               Ice/Necr       2%         N/A       100%        6
 Dragon Form              Tmut           12%        N/A       100%        7
 Borgnjor's Revivificati  Necr           2%         N/A       100%        8
 Lehudib's Crystal Spear  Conj/Erth      8%         10d3      100%        8


Dungeon Overview and Level Annotations

Branches:
Dungeon (12/15)            Temple (1/1) D:4            Lair (4/6) D:8
 Shoals (1/4) Lair:3       Spider (1/4) Lair:2       Bailey (visited)
Volcano (visited)         Gauntlet (visited)
    Orc: D:9-12

Altars:
Ashenzari
Cheibriados
Dithmenos
Elyvilon
Fedhas
Gozag
Hepliaklqana
Kikubaaqudgha
Makhleb
Nemelex Xobeh
Okawaru
Qazlal
Ru
Sif Muna
Trog
Uskayaw
Vehumet
Wu Jian
Xom
Yredelemnul
Zin
The Shining One
Jiyva

Shops:
D:4 *[?

Annotations:
D:7 Joseph
D:10 2 runed translucent doors, jasper's ghost, novice DsWn
Lair:4 exclusions: death yak and hydra
Shoals:1 exclusion: centaur, Roxanne


Innate Abilities, Weirdness & Mutations

You cannot wear most types of armour.
You are amphibious.
You can wear up to eight rings at the same time.
Your skin changes colour to match your surroundings (Stealth+).
Your rubbery body absorbs attacks. (AC +1, EV +1)
((You are camouflaged near water. (Stealth+)))
You have tentacles for arms and can constrict up to eight enemies at once.


Message History

You feel drained.
You fail to use your ability.
You feel drained.
You fade into invisibility!
You are very lightly contaminated with residual magic.
Okay, then.
As you read the scroll of fog, it crumbles to dust.
The scroll dissolves into smoke.
What are your orders? t - Shout!
Orders for allies: a - Attack new target. r - Retreat! s - Stop attacking. g - Guard the area. f - Follow me.
Anything else - Cancel.
You shout for attention!
What are your orders? t - Shout!
Orders for allies: a - Attack new target. r - Retreat! s - Stop attacking. g - Guard the area. f - Follow me.
Anything else - Cancel.
You shout for attention!
What are your orders? t - Shout!
Orders for allies: a - Attack new target. r - Retreat! s - Stop attacking. g - Guard the area. f - Follow me.
Anything else - Cancel.
You shout for attention!
What are your orders? t - Shout!
Orders for allies: a - Attack new target. r - Retreat! s - Stop attacking. g - Guard the area. f - Follow me.
Anything else - Cancel.
You shout for attention!
Something hits you!
* * * LOW HITPOINT WARNING * * *
You feel dopey. Something hits you.
You die...

###§§§§......#..##...
#..§§§§..............
#§.§#########........
#§§###########.......
##§#.#.#^#.###.......
#..##.#.#.#.###......
##.#.###^###§##§§##..
##....#.###§§§§.§.#..
#...@.^#^#§§§§§§.#...
##....#.#.#§§§§§§##..
###.#.#.###§##§#####
##.#.###.##### #
##.#.#.## ####.## ###


There were no monsters in sight!

Vanquished Creatures
  The ghost of mdk the Fighter, a journeyman OgHu of Okawaru (Lair:2)
  A merfolk impaler (Shoals:1)
  3 two-headed ogres
  A fire dragon (Volcano)
  A boulder beetle (Lair:2)
  A merfolk avatar (Shoals:1)
  A death yak (Lair:4)
  A fire crab (Gauntlet)
  A sea snake (Shoals:1)
  A glowing orange brain (Gauntlet)
  Pikel (D:8)
  A wolf spider (Lair:2)
  2 ugly things
  2 manticores (Shoals:1)
  5 elephants
  A merfolk siren (Lair:3)
  4 black mambas
  A moth of wrath (Gauntlet)
  3 salamanders (Volcano)
  9 cane toads
  14 komodo dragons
  An unseen horror (D:12)
  A merfolk (Shoals:1)
  A polar bear (Lair:4)
  2 trolls (D:11)
  5 jumping spiders (Lair:2)
  A wind drake (Shoals:1)
  A meliai zombie (D:11)
  A wind drake (shapeshifter) (D:11)
  2 snapping turtles (Shoals:1)
  2 shadows
  6 redbacks (Lair:2)
  A water elemental (Shoals:1)
  9 wyverns
  A basilisk (Lair:3)
  12 fire bats
  4 steam dragons
  20 yaks
  3 vampire mosquitoes (D:11)
  Menkaure (D:7)
  An acid dragon (D:11)
  9 water moccasins
  A necrophage (D:5)
  2 black bears
  13 orc warriors
  An ice beast (D:8)
  6 ogres
  2 sky beasts
  6 wolves
  A phantom (D:5)
  9 centaurs
  4 lemures (D:8)
  21 bullfrogs
  A gnoll sergeant (D:7)
  2 scorpions
  A wyvern skeleton (D:7)
  2 water moccasin skeletons (D:7)
  2 wights (D:7)
  3 howler monkeys (D:9)
  2 centaur zombies (D:9)
  6 jellies
  An orc priest (D:2)
  5 hounds
  A gnoll shaman (D:9)
  2 bullfrog skeletons
  5 hell rats (Lair:2)
  5 orc wizards
  2 iguanas (D:4)
  A hound skeleton (D:4)
  2 howler monkey zombies
  15 gnolls
  6 adders
  4 shadow imps
  A white imp (D:5)
  2 ufetubi
  3 dart slugs
  50 orcs
  5 ball pythons
  3 endoplasms
  2 giant cockroaches
  15 goblins
  9 hobgoblins
  5 jackals
  6 quokkas
  2 bats (D:1)
  4 frilled lizards
  4 kobolds
  7 rats
391 creatures vanquished.

Vanquished Creatures (collateral kills)
  A yak (Lair:2)
  A hell rat (Lair:2)
2 creatures vanquished.

Vanquished Creatures (others)
  A cacodemon (Gauntlet)
  An ugly thing (Gauntlet)
  A yak (Lair:2)
  2 neqoxecs (Gauntlet)
  A hell hound (Gauntlet)
  A bullfrog (D:8)
  An orc wizard (D:11)
  41 fungi
  127 plants
  11 starspawn tentacles (Gauntlet)
187 creatures vanquished.

Grand Total: 580 creatures vanquished

Notes
Turn   | Place    | Note
-------+----------+-------------------------------------------
     0 | Abyss:1  | donath the Octopode Abyssal Knight began the quest for the
                  | Orb.
     0 | Abyss:1  | Reached XP level 1. HP: 16/16 MP: 2/2
    26 | Abyss:1  | Noticed a small abomination
    41 | D:1      | Escaped the Abyss
   444 | D:1      | Reached XP level 2. HP: 21/21 MP: 3/3
   594 | D:1      | Reached * piety under Lugonu
   903 | D:1      | Reached skill level 1 in Stealth
   925 | D:1      | Reached XP level 3. HP: 22/26 MP: 4/4
  1129 | D:1      | Reached skill level 1 in Throwing
  1492 | D:2      | Reached XP level 4. HP: 11/31 MP: 5/5
  1865 | D:2      | Found a faded altar of an unknown god.
  2162 | D:2      | Reached ** piety under Lugonu
  2246 | D:2      | You fall into a shaft and drop 2 floors!
  2246 | D:4      | Found Qiodac's Magic Scroll Shop.
  2246 | D:4      | Found Ywnub's General Store.
  2246 | D:4      | Found Poso's Distillery.
  2246 | D:4      | Found Lutet's Armour Shop.
  2278 | D:4      | Bought a scroll of fog for 20 gold pieces
  2278 | D:4      | Bought a scroll of teleportation for 30 gold pieces
  2372 | D:4      | Noticed a scorpion
  2398 | D:3      | Found an opulent altar of Gozag.
  2400 | D:3      | Identified 4 scrolls of acquirement
  2400 | D:3      | Acquired 647 gold pieces
  2408 | D:3      | Killed a scorpion
  2409 | D:3      | Reached XP level 5. HP: 10/36 MP: 4/6
  3047 | D:3      | Found a white marble altar of Elyvilon.
  3048 | D:3      | Found a basalt altar of Yredelemnul.
  3153 | D:3      | Found a broken altar of Ashenzari.
  3543 | D:2      | Reached skill level 5 in Unarmed Combat
  3664 | D:4      | Found a staircase to the Ecumenical Temple.
  3675 | Temple   | Entered the Ecumenical Temple
  4090 | D:2      | You fall into a shaft and drop 1 floor!
  4450 | D:4      | Reached XP level 6. HP: 42/42 MP: 7/7
  5005 | D:4      | Acquired a +2 buckler of reflection
  5048 | D:4      | Reached skill level 1 in Axes
  5257 | D:4      | Found a shimmering altar of Xom.
  5306 | D:4      | Bought a scroll of enchant weapon for 75 gold pieces
  5306 | D:4      | Bought a scroll of identify for 20 gold pieces
  5309 | D:4      | Bought a scroll of enchant armour for 97 gold pieces
  5309 | D:4      | Bought 4 poisoned darts for 20 gold pieces
  5316 | D:4      | Bought 20 sling bullets for 130 gold pieces
  5328 | D:5      | Entered Level 5 of the Dungeon
  5328 | D:5      | Found a hazy altar of Hepliaklqana.
  5429 | D:4      | Reached skill level 1 in Shields
  5732 | D:5      | Reached *** piety under Lugonu
  5733 | D:5      | Reached XP level 7. HP: 43/46 MP: 8/8
  5793 | D:5      | Reached skill level 4 in Fighting
  6162 | D:5      | Learned a level 1 spell: Beastly Appendage
  6281 | D:5      | Reached XP level 8. HP: 51/54 MP: 9/9
  6592 | D:6      | Reached skill level 5 in Fighting
  6622 | D:6      | Reached skill level 1 in Spellcasting
  6707 | D:6      | Reached skill level 1 in Transmutations
  7503 | D:6      | Learned a level 2 spell: Wereblood
  7670 | D:7      | Noticed Menkaure
  7975 | D:7      | Found a shadowy altar of Dithmenos.
  8032 | D:7      | Killed Menkaure
  8033 | D:7      | Reached XP level 9. HP: 61/61 MP: 11/13
  8036 | D:7      | Learned a level 2 spell: Searing Ray
  8040 | D:7      | Reached skill level 1 in Conjurations
  8416 | D:7      | Noticed Joseph
  8577 | D:7      | Reached skill level 1 in Polearms
  9340 | D:8      | Noticed Pikel
  9354 | D:8      | Reached skill level 6 in Fighting
  9545 | D:8      | Noticed a two-headed ogre
  9548 | D:8      | Acquired a +1 kite shield of protection
  9559 | D:8      | Acquired a book of Cantrips
  9563 | D:8      | Learned a level 1 spell: Corona
  9563 | D:8      | Acquired the ring of the Bouncing Allies {rElec rPois rF-
                  | rC+}
 10561 | D:8      | Acquired a manual of Invocations
 10633 | D:8      | Reached skill level 7 in Fighting
 10633 | D:8      | Reached skill level 5 in Invocations
 10739 | D:8      | Found a staircase to the Lair.
 11267 | D:8      | Killed a two-headed ogre
 11268 | D:8      | Reached skill level 8 in Fighting
 11268 | D:8      | Reached XP level 10. HP: 47/72 MP: 15/15
 11428 | D:8      | Learned a level 2 spell: Passwall
 12024 | D:9      | Noticed a two-headed ogre
 12060 | D:9      | Killed a two-headed ogre
 12399 | D:9      | Reached **** piety under Lugonu
 12402 | D:9      | Found a blossoming altar of Fedhas.
 13039 | D:9      | Found an ornate altar of the Wu Jian Council.
 13265 | D:9      | Reached skill level 5 in Stealth
 13265 | D:9      | Found a viscous altar of Jiyva.
 13307 | D:9      | Learned a level 1 spell: Apportation
 13474 | D:10     | Entered Level 10 of the Dungeon
 13713 | D:10     | Identified the amulet of Wevox {Reflect +Blink rN+ Dex+2
                  | Slay-3 SH+5}
 13818 | D:10     | Banished an unseen horror
 14062 | D:10     | Reached XP level 11. HP: 46/77 MP: 17/17
 14186 | D:10     | Reached skill level 5 in Shields
 14498 | D:10     | Found a runed translucent door.
 14499 | D:10     | Noticed a purple ugly thing
 14516 | D:10     | Killed a purple ugly thing
 14523 | D:10     | Noticed a fire giant
 14524 | D:10     | Noticed a skeletal warrior
 14525 | D:10     | Found a runed translucent door.
 14525 | D:10     | Noticed a skeletal warrior
 14525 | D:10     | Noticed a skeletal warrior
 14526 | D:10     | Noticed a seven-headed hydra
 14527 | D:10     | Noticed a necromancer
 14528 | D:10     | Noticed a lich
 14629 | D:10     | Noticed jasper's ghost (novice DsWn)
 14630 | D:10     | Identified the +7 arbalest of the Skies Above {penet, rPois
                  | rN+ Dex+4}
 14834 | D:10     | Reached XP level 12. HP: 50/82 MP: 21/21
 14977 | D:11     | Acquired a +6 ring of strength
 15144 | D:11     | Reached skill level 1 in Translocations
 15322 | D:11     | Found a flagged portal.
 15402 | Bailey   | Entered a bailey
 16208 | Bailey   | Reached skill level 12 in Fighting
 16208 | Bailey   | Reached XP level 13. HP: 65/97 MP: 22/22
 17828 | D:8      | Killed Pikel
 17838 | Lair:1   | Entered Level 1 of the Lair of Beasts
 18154 | Lair:1   | Upgraded the game from 0.27-a0-1158-gaa87e14f67 to
                  | 0.27-a0-1181-g5f64966fcc
 18154 | Lair:1   | Upgraded the game from 0.27-a0-1181-g5f64966fcc to
                  | 0.28-a0-479-g5baa6b73be
 18158 | Lair:1   | Learned a level 1 spell: Summon Small Mammal
 18636 | Lair:1   | Reached skill level 13 in Fighting
 19300 | Lair:2   | Upgraded the game from 0.28-a0-479-g5baa6b73be to
                  | 0.28-a0-494-ge2d2658822
 19336 | Lair:2   | Learned a level 1 spell: Sandblast
 19364 | Lair:2   | Found a hole to the Spider Nest.
 19422 | Lair:2   | Reached skill level 5 in Evocations
 19422 | Lair:2   | Found a runed translucent gate.
 19426 | Lair:2   | Found a runed translucent gate.
 19427 | Lair:2   | Found a runed translucent gate.
 19429 | Lair:2   | Noticed mdk's ghost (journeyman OgHu)
 19460 | Lair:2   | Learned a level 2 spell: Slow
 19524 | Lair:2   | Reached skill level 1 in Hexes
 19628 | Lair:2   | Found a gate leading to a gauntlet.
 19634 | Gauntlet | Entered a Gauntlet
 19634 | Gauntlet | Found a transporter.
 19643 | Gauntlet | Found a transporter.
 19658 | Gauntlet | Found a transporter.
 19664 | Gauntlet | Found a transporter.
 19679 | Gauntlet | Found a transporter.
 19698 | Gauntlet | Found a transporter.
 19710 | Gauntlet | Found a transporter.
 19710 | Gauntlet | Noticed a balrug
 19721 | Gauntlet | Noticed a cacodemon
 19722 | Gauntlet | Found a transporter.
 19724 | Gauntlet | Found the ring of Shadows {Umbra +Inv Stlth+}
 19734 | Gauntlet | Found a transporter.
 19746 | Gauntlet | Found a transporter.
 19772 | Gauntlet | Found a transporter.
 19789 | Gauntlet | Found a transporter.
 19791 | Gauntlet | Found a transporter.
 19820 | Gauntlet | Found a transporter.
 19820 | Gauntlet | Found a transporter.
 19822 | Gauntlet | Found a transporter.
 19850 | Gauntlet | Found a transporter.
 19943 | Gauntlet | Found a transporter.
 20401 | Gauntlet | Corrupted Gauntlet
 20401 | Gauntlet | Noticed a tentacled starspawn
 20401 | Gauntlet | Noticed a tentacled starspawn
 20411 | Gauntlet | Upgraded the game from 0.28-a0-494-ge2d2658822 to
                  | 0.28-a0-503-g83f2989fac
 20413 | Gauntlet | Noticed a starcursed mass
 20414 | Gauntlet | Killed a cacodemon
 20415 | Gauntlet | Identified the ring "Nohamu" {+Blink Will+ Int+2} (You
                  | found it in a Gauntlet)
 20449 | Gauntlet | Noticed a lich
 20524 | Gauntlet | Upgraded the game from 0.28-a0-503-g83f2989fac to
                  | 0.28-a0-533-g9f97627e2a
 21017 | Gauntlet | Identified the ring "Plog" {rPois rF- Will- rCorr Dex+5}
 21129 | Gauntlet | Identified the amulet of Esuneq {RegenMP rElec}
 21608 | Lair:2   | Reached XP level 14. HP: 106/106 MP: 23/23
 22172 | Lair:2   | Killed mdk's ghost
 22200 | Lair:2   | Identified the +0 hat of Prudence {Str+3 Dex+3}
 22342 | Lair:1   | Learned a level 3 spell: Dazzling Flash
 22614 | Lair:2   | Reached skill level 5 in Throwing
 23062 | Lair:3   | Reached skill level 10 in Invocations
 23248 | Lair:3   | Reached skill level 14 in Fighting
 23702 | Lair:3   | Found a staircase to the Shoals.
 23737 | Shoals:1 | Entered Level 1 of the Shoals
 24199 | Shoals:1 | Identified Roxanne's Grimoire of Shape Shifting
 24199 | Shoals:1 | Noticed Roxanne
 24229 | Shoals:1 | Upgraded the game from 0.28-a0-533-g9f97627e2a to
                  | 0.28-a0-535-g6f645e4c1d
 24624 | Shoals:1 | Learned a level 3 spell: Stone Arrow
 24626 | Shoals:1 | Acquired donath's Catalogue of Black Secrets and
                  | Transformation
 25155 | Shoals:1 | Learned a level 3 spell: Spider Form
 25610 | Lair:4   | Found a dark tunnel.
 25679 | Volcano  | Entered a volcano
 25877 | Volcano  | Reached skill level 1 in Poison Magic
 26044 | Volcano  | Reached skill level 5 in Transmutations
 26120 | Volcano  | Reached ***** piety under Lugonu
 27320 | Volcano  | Identified the +2 helmet of Light {rPois rF- Will+}
 28348 | Spider:1 | Entered Level 1 of the Spider Nest
 28416 | Lair:2   | Slain by a ghost moth

Illustrated notes

Levels and vault maps discovered:
D:1:      dpeg_arrival_arbitrary_a, layout_basic
D:2:      layout_loops_ring, shapermc_ecumenical_altar_mp_highgroup
D:3:      layout_basic, nicolae_overflow_hidden_temple, general_overflow_altar
D:4:      layout_basic, xom_butterflies, minmay_temple_entry_statues_pillars,
          grunt_decor_fettered, minmay_shop_grid_forest,
          amcnicky_mini_corridor_feature, serial_bayou_pond_e,
          grunt_ministairs_10
D:5:      layout_cave_pools, nicolae_hepliaklqana_hazy_memory, item_on_display_a
D:6:      layout_rooms
D:7:      layout_loops_ring, grunt_dithmenos_smoke, uniq_menkaure, uniq_joseph
D:8:      cheibrodos_helix_gallery, layout_basic,
          grunt_lair_entry_orc_guard_hut, lemuel_flamethrower_2, uniq_pikel
D:9:      layout_roguey, nicolae_wu_jian_immortal_techniques, fedhas_altar_3,
          jiyva_altar_1
D:10:     layout_irregular_city, muffindrake_ghost_dual_entry
D:11:     layout_basic, enter_bailey_3, kennysheep_windowed_goal
D:12:     layout_irregular_city, kennysheep_orc_monster_closet_entryway,
          serial_column_ruins, column_ruins_grid_1, column_ruins_grid_3,
          column_ruins_grid_1, column_ruins_open_medium, column_ruins_open_tiny
Temple:   oiseaux_autumnal_temple
Lair:1:   layout_cave_shapes, serial_bayou_shore_a, grunt_megastairs_2
Lair:2:   layout_small_grid, nicolae_spider_entry_tight_spaces,
          gauntlet_entry_generic, gammafunk_ghost_split, lemuel_fruit_fields
Lair:3:   layout_chaotic_city, minmay_shoals_entry_lonely_mermaid
Lair:4:   layout_long_grid, enter_volcano_4, beast_lair_carwin_10
Shoals:1: layout_shoals, uniq_roxanne
Spider:1: layout_spider_delve, portal_ice_cave_entry_ice_statue_two,
          uniq_mlioglotl

Skill      XL: |  1  2  3  4  5  6  7  8  9 10 11 12 13 14 |
---------------+-------------------------------------------+-----
Stealth        | 1 2 4 5 7 |  7.0
Unarmed Combat | 3 4 5 6 7 |  7.0
Throwing       | 2 3 4 5 |  5.3
Axes           | 1 |  1.3
Shields        | 1 3 4 7 8 |  8.9
Fighting       | 4 5 8 12 13 14 | 14.2
Spellcasting   | 2 3 6 |  6.2
Transmutations | 2 4 6 |  6.1
Invocations    | 4 7 8 9 12 | 12.0
Conjurations   | 2 3 4 |  4.0
Polearms       | 3 6 8 |  8.2
Evocations     | 4 7 8 |  8.1
Dodging        | 4 6 |  6.2
Translocations | 1 2 |  2.0
Earth Magic    | 2 3 |  3.0
Hexes          | 2 |  2.0
Poison Magic   | 2 |  2.0

Action                   |  1- 3 |  4- 6 |  7- 9 | 10-12 | 13-15 || total
-------------------------+-------+-------+-------+-------+-------++-------
Melee: Unarmed           |     6 |    46 |   148 |     3 |       ||   203
       Dagger            |    85 |    73 |       |       |       ||   158
       Constrict         |    20 |    36 |    39 |    46 |    83 ||   224
       Tentacles         |    10 |    30 |    50 |    87 |   220 ||   397
       Punch             |     3 |     3 |    15 |    19 |    49 ||    89
       Short sword       |       |     2 |       |       |       ||     2
       Staff             |       |       |     3 |       |     2 ||     5
       Spear             |       |       |    63 |   351 |   677 ||  1091
       Kick              |       |       |       |     8 |    19 ||    27
       Trident           |       |       |       |       |    25 ||    25
Throw: Stone             |    29 |    17 |    44 |    75 |    16 ||   181
       Dart              |       |    17 |    49 |    19 |    11 ||    96
       Boomerang         |       |       |       |    40 |    11 ||    51
 Cast: Corona            |       |       |     3 |     2 |     8 ||    13
       Beastly Appendage |       |       |       |     3 |     5 ||     8
       Searing Ray       |       |       |       |     1 |    11 ||    12
       Apportation       |       |       |       |     4 |    43 ||    47
       Sandblast         |       |       |       |       |     9 ||     9
       Summon Small Mamm |       |       |       |       |     4 ||     4
       Passwall          |       |       |       |       |     2 ||     2
       Wereblood         |       |       |       |       |     1 ||     1
       Stone Arrow       |       |       |       |       |   119 ||   119
       Slow              |       |       |       |       |    39 ||    39
       Dazzling Flash    |       |       |       |       |     4 ||     4
       Spider Form       |       |       |       |       |     2 ||     2
Invok: Depart the Abyss  |     1 |       |       |       |       ||     1
       Bend Space        |       |     4 |     2 |     1 |     4 ||    11
       Banish            |       |       |       |     3 |     3 ||     6
       Corrupt           |       |       |       |       |     1 ||     1
 Abil: Evoke Blink       |       |       |       |     1 |    24 ||    25
       Evoke Invisibilit |       |       |       |       |     2 ||     2
Evoke: Piece from Xom's  |       |     1 |       |     4 |       ||     5
       Wand              |       |       |       |    10 |    33 ||    43
  Use: Potion            |       |     3 |       |     2 |     7 ||    12
       Scroll            |       |     2 |     6 |    14 |    10 ||    32
 Stab: Sleeping          |     6 |     6 |     3 |     4 |    23 ||    42
       Distracted        |       |     1 |       |     1 |     1 ||     3
       Petrified         |       |       |       |     4 |       ||     4
       Paralysed         |       |       |       |     5 |    32 ||    37
       Invisible         |       |       |       |       |    12 ||    12
Armor: Skin              |     6 |     6 |     2 |    22 |    50 ||    86
Dodge: Dodged            |    66 |    61 |    76 |   135 |   181 ||   519
Block: Buckler           |       |    11 |    47 |    37 |       ||    95
       Reflection        |       |       |       |     8 |     2 ||    10
       Kite shield       |       |       |       |   188 |   484 ||   672

Table legend: (Time is in decaauts)
 A = Elapsed time spent in this place.
 B = Non-inter-level travel time spent in this place.
 C = Inter-level travel time spent in this place.
 D = Time resting spent in this place.
 E = Time spent auto-exploring this place.
 F = Levels seen in this place.
 G = Mean time per level.
                   A        B        C        D        E       F      G
               +--------+--------+--------+--------+--------+-----+--------+
         Total |  28245 |  27597 |    648 |   5321 |   8908 |  23 | 1228.0 |
       Dungeon |  16149 |  15691 |    458 |   3114 |   6669 |  12 | 1345.8 |
        Temple |    307 |    258 |     49 |      0 |    255 |   1 |  307.0 |
          Lair |   5784 |   5644 |    140 |    704 |   1851 |   4 | 1446.0 |
        Shoals |   1498 |   1498 |      0 |    417 |    133 |   1 | 1498.0 |
   Spider Nest |      7 |      7 |      0 |      0 |      0 |   1 |    7.0 |
         Abyss |     41 |     41 |      0 |      0 |      0 |   1 |   41.0 |
        Bailey |   1316 |   1316 |      0 |    427 |      0 |   1 | 1316.0 |
       Volcano |   1635 |   1635 |      0 |    659 |      0 |   1 | 1635.0 |
      Gauntlet |   1505 |   1505 |      0 |      0 |      0 |   1 | 1505.0 |
               +--------+--------+--------+--------+--------+-----+--------+

Top non-repeatable levels by time:
     D:8: 2609 daAuts
     D:9: 1959 daAuts
  Lair:2: 1782 daAuts
     D:4: 1686 daAuts
 Volcano: 1635 daAuts
  Lair:1: 1623 daAuts
     D:1: 1608 daAuts
Gauntlet: 1505 daAuts
Shoals:1: 1498 daAuts
     D:7: 1483 daAuts
    D:10: 1400 daAuts
  Lair:3: 1344 daAuts
  Bailey: 1316 daAuts
    D:11: 1261 daAuts
     D:3: 1122 daAuts
